 Dungeon Crawl Stone Soup version 0.32-a0-571-gec57dfcd37 (webtiles) character file.

Game seed: 2138142249774979196

2383915 backslashecho the Dwarven Barricade (level 26, 208/264 HPs)
             Began as a Mountain Dwarf Fighter on Mar 1, 2024.
             Was the Champion of Trog.
             Escaped with the Orb
             ... and 4 runes
             ... and 2 gems!
             The game lasted 04:24:26 (77082 turns).

backslashecho the Dwarven Barricade (MDFi)         Turns: 77082, Time: 04:24:27

Health: 208/264    AC: 55    Str: 33      XL:     26   Next: 61%
Magic:  23/23      EV:  9    Int: 11      God:    Trog [******]
Gold:   831        SH: 17    Dex:  6 (9)  Spells: 25/25 levels left

rFire   + . .        M - +4 consecrated labrys {holy, Valiant ^Fragile Fly SInv, !w}
rCold   + . .        t - +1 kite shield {rPois}
rNeg    + . .        b - +14 crystal plate armour "Buasokh" {rC++}
rPois   +            R - +1 helmet
rElec   +            p - +2 cloak {Will+}
rCorr   .            X - +2 pair of gloves "Basiz" {Str+3 Slay+3}
SInv    +            W - +2 pair of boots {rampage}
Will    ++++.        U - amulet of regeneration Stlth
                     E - ring of the Peculiar Knives {Fire +Blink rN+ Will+ Int-5}
HPRegen 1.44/turn    c - ring of Vudghasiv {rElec Str+2 Int+6}
MPRegen 0.18/turn

%: rampage
@: flying
A: runic magic, artefact enchanting, hooves 1, iridescent scales 1, clumsy 1,
deformed body
0: Orb of Zot
}: 4/15 runes: decaying, serpentine, slimy, silver
a: Renounce Religion, Evoke Blink, Berserk, Trog's Hand, Brothers in Arms


You escaped.
You worshipped Trog.
Trog was exalted by your worship.
You visited 11 branches of the dungeon, and saw 53 of its levels.
You also visited: Sewer and Ossuary.

You collected 8203 gold pieces.
You spent 7372 gold pieces at shops.

Inventory:

Hand Weapons
 a - the +3 broad axe of a bazaar {flame, rPois MP+9 Str+4}
   (You found it on level 4 of the Swamp)

   Str+4:     It affects your strength (+4).
   rPois:     It protects you from poison MP+9: It affects your magic capacity
   (+9).
 M - the +4 consecrated labrys (weapon) {holy, Valiant ^Fragile Fly SInv, !w}
   (You found it on level 5 of the Pits of Slime)

   Valiant:   It becomes more powerful as more dangerous foes come into view.
   SInv:      It lets you see invisible.
   Fly:       It grants you flight.
   ^Fragile:  It will be destroyed if unequipped.
Missiles
 j - 3 throwing nets (quivered)
 O - 7 curare-tipped darts
Armour
 b - the +14 crystal plate armour "Buasokh" (worn) {rC++}
   (You acquired it on level 2 of the Vaults)

   rC++:      It greatly protects you from cold.
 p - a +2 cloak of willpower (worn)
 t - a +1 kite shield of poison resistance (worn)
 I - the +18 shield of the Gong {Loud rN+ Will+ rCorr EV-5}
   (You bought it in a shop on level 1 of the Depths)

   Loud:      It is deafeningly noisy when blocking attacks.
   EV-5:      It affects your evasion (-5).
   rN+:       It protects you from negative energy.
   Will+:     It increases your willpower.
   rCorr:     It protects you from acid and corrosion.
 R - a +1 helmet (worn)
 W - a +2 pair of boots of rampaging (worn)
 X - the +2 pair of gloves "Basiz" (worn) {Str+3 Slay+3}
   (You found it on level 2 of the Vaults)

   Str+3:     It affects your strength (+3).
   Slay+3:    It affects your accuracy & damage with ranged weapons and melee
   (+3).
Jewellery
 c - the ring of Vudghasiv (right hand) {rElec Str+2 Int+6}
   (You found it on level 5 of the Pits of Slime)

   [ring of intelligence]

   Str+2:     It affects your strength (+2).
   Int+6:     It affects your intelligence (+6).
   rElec:     It insulates you from electricity.
 f - a ring of protection from cold
 n - a ring of resist corrosion
 E - the ring of the Peculiar Knives (left hand) {Fire +Blink rN+ Will+ Int-5}
   (You took it off a deep elf knight on level 1 of the Elven Halls)

   [ring of fire]

   Fire:      It enhances your fire magic.
   Int-5:     It affects your intelligence (-5).
   rF+:       It protects you from fire.
   rC-:       It makes you vulnerable to cold.
   rN+:       It protects you from negative energy.
   Will+:     It increases your willpower.
   +Blink:    It lets you blink.
 S - the ring of the Exiled Hosts {Fly Str+2}
   (You took it off a deep elf elementalist on level 3 of the Elven Halls)

   [ring of flight]

   Str+2:     It affects your strength (+2).
   Fly:       It grants you flight.
 U - an amulet of regeneration (around neck)
Wands
 o - a wand of flame (99)
 q - a wand of mindburst (66)
 y - a wand of paralysis (44)
 F - a wand of iceblast (68)
 K - a wand of acid (33)
 V - a wand of digging (21)
Scrolls
 k - 20 scrolls of teleportation
 r - 5 scrolls of revelation
 s - 6 scrolls of blinking
 w - 8 scrolls of poison
 H - 4 scrolls of vulnerability
 N - 13 scrolls of fog
 P - 2 scrolls of enchant weapon
 Q - 9 scrolls of fear
 T - 2 scrolls of butterflies
 Y - a scroll of silence
Potions
 d - 4 potions of ambrosia
 h - 3 potions of might
 i - a potion of resistance
 l - 4 potions of magic
 m - 6 potions of heal wounds
 z - 23 potions of curing
 A - 6 potions of cancellation
 B - 7 potions of berserk rage
 D - 3 potions of invisibility
 G - 3 potions of haste
 J - 7 potions of enlightenment
 L - 9 potions of mutation
Miscellaneous
 e - a phial of floods
 g - a phantom mirror
 u - a lightning rod (4/4)
 C - a tin of tremorstones (2/2)
 Z - a box of beasts


   Skills:
 + Level 26.8 Fighting
 O Level 27 Axes
 - Level 6.0 Throwing
 + Level 26.8 Armour
 - Level 5.0 Dodging
 O Level 27 Shields
 - Level 13.0 Evocations


You had 25 spell levels left.
You didn't know any spells.
Your spell library contained the following spells:

 Spells                   Type           Power      Damage    Failure   Level
 Blink                    Tloc           0%         N/A       61%         2
 Lesser Beckoning         Tloc           0%         N/A       61%         2
 Momentum Strike          Conj/Tloc      0%         3d8       61%         2


Dungeon Overview and Level Annotations

Branches:
Dungeon (15/15)            Temple (1/1) D:5            Lair (5/5) D:10
  Swamp (4/4) Lair:3        Snake (4/4) Lair:2        Slime (5/5) Lair:4
    Orc (2/2) D:9             Elf (3/3) Orc:2        Vaults (5/5) D:13
  Crypt (0/3) Vaults:3     Depths (4/4) D:15            Zot (5/5) Depths:4
  Sewer (visited)         Ossuary (visited)

Altars:
Ashenzari
Cheibriados
Dithmenos
Elyvilon
Fedhas
Gozag
Hepliaklqana
Kikubaaqudgha
Makhleb
Nemelex Xobeh
Okawaru
Qazlal
Ru
Sif Muna
Trog
Uskayaw
Vehumet
Wu Jian
Xom
Yredelemnul
Zin
The Shining One
Beogh

Shops:
D:5 ?   D:6 *   D:14 (   Orc:2 !(:*   Elf:1 !*   Elf:2 (   Vaults:1 [
Vaults:3 (   Vaults:5 ??   Depths:1 [:(!   Depths:4 !

Portals:
Hell: Depths:1 Depths:2 Depths:3 Depths:4
Abyss: Depths:3
Pandemonium: Depths:2 Depths:3 Depths:4
Ziggurat: Depths:1
Trove: D:13 (give 12 potions of heal wounds)

Annotations:
D:8 2 transporters, Gangsterbeez's ghost, novice MiFi
D:14 2 transporters, patfeehan111222's ghost, journeyman MiBe
D:15 Roxanne
Elf:2 3 runed translucent doors, exclusion: 3 doors
Depths:1 exclusions: 2 glass eyes, great orb of eyes and 1 more exclusion
Zot:3 3 exclusions
Zot:5 3 runed translucent doors, exclusion: 3 doors, Tiejaxt's ghost, master TeAE; Ygyeth Femmu's ghost, veteran MiBe


Innate Abilities, Weirdness & Mutations

Your spellcasting is much less encumbered by armour.
You can use scrolls of enchantment on lesser artefacts.
You have large cloven feet.
You are partially covered in iridescent scales. (AC +2)
You are clumsy. (Dex -2)
Armour fits poorly on your strangely shaped body.


Message History

You slice the cacodemon!!
The cacodemon convulses!
You block the cacodemon's attack. The cacodemon hits you.
You take 3 damage, and have 261/264 hp.
You slice the cacodemon like a ripe choko!!!
The cacodemon convulses!!!
You kill the cacodemon!
Trog accepts your kill.
No target in view!
HP restored.
There is an open door here.
There is an open door here.
There is a stone staircase leading up here.
You fly upwards.
There is a stone staircase leading down here.
There is a stone staircase leading up here.
You fly upwards.
There is a stone staircase leading down here.
A tormentor comes into view.
Health restored: 264 You block the tormentor's attack.
The tormentor hits you but does no damage.
You hit the tormentor.
The tormentor convulses.
The tormentor is lightly wounded.
The tormentor calls on the powers of darkness!
Your body is wracked with pain!
You take 117 damage, and have 147/264 hp.
MASSIVE DAMAGE!!
You slice the tormentor!!
The tormentor convulses!
The tormentor is almost dead.
The tormentor hits you.
You writhe in agony.
The tormentor hits you but does no damage.
You take 4 damage, and have 143/264 hp.
You slice the tormentor!!
You kill the tormentor!
Trog accepts your kill.
There is a stone staircase leading up here.
You fly upwards.
There is a stone staircase leading down here.
Things that are here:
a +0 club; a goblin skeleton
There is an open door here.
You see here a dwarf skeleton.
You see here an orc skeleton.
You see here an orc skeleton.
You see here an orc skeleton.
You see here a dwarf skeleton.
You see here an orc skeleton.
There is a staircase leading out of the dungeon here.
You regained 62 hp, and now have 206/264 hp.
You have escaped!

######### #####
#÷.÷....#
#...#######...@...#
#...#.....#÷..÷..÷#
#...#.###.#..÷#.÷.#
###...#.# #.#..÷#÷÷.#
..#...#.###.#÷.÷#÷..#
#.#...#.....#÷÷÷>÷..#
......#.######÷###.##
..........# #'###'#
#.#.###.### ##.##..#


There were no monsters in sight!

Vanquished Creatures
  the Royal Jelly (Slime:5)
  3 ancient liches
  5 dread liches
  8 orbs of fire
  A juggernaut (Depths:3)
  Sojobo (Vaults:2)
  2 Killer Klowns (Zot:5)
  Josephina (Depths:4)
  Boris (Vaults:2)
  Bai Suzhen (Vaults:4)
  Vashnia (Snake:2)
  Saint Roka (Vaults:4)
  4 caustic shrikes (Depths:4)
  A curse toe (Zot:3)
  the Enchantress (Depths:2)
  9 golden dragons
  2 bone dragons (Depths:4)
  Jorgrun (Swamp:3)
  4 electric golems
  21 tentacled monstrosities
  23 Orb Guardians
  Zenata (Vaults:2)
  2 deep elf blademasters (Elf:3)
  6 liches
  8 quicksilver dragons
  A walking divine tome (Depths:3)
  5 titans
  2 deep elf master archers (Elf:3)
  10 acid blobs
  6 sphinxes
  15 death cobs
  7 tengu reavers
  10 shadow dragons
  13 storm dragons
  7 protean progenitors
  Aizul (Snake:1)
  9 azure jellies
  4 draconian knights
  Donald (Vaults:2)
  4 rockslimes
  4 fenstrider witches (Swamp:4)
  5 fire giants
  8 draconian monks
  11 draconian shifters
  6 frost giants
  3 nagarajas (Snake:4)
  7 deep elf sorcerers
  5 deep elf elementalists (Elf:3)
  3 iron dragons
  Louise (D:15)
  6 draconian scorchers
  4 ghost moths
  5 spectral caustic shrikes (Depths:2)
  A cacodemon (D:4)
  13 draconian stormcallers
  18 vault wardens
  A reaper (D:4)
  3 orc warlords
  3 spriggan defenders (Depths:2)
  11 draconian annihilators
  A caustic shrike skeleton (Depths:2)
  12 ironbound preservers
  A formless jellyfish (Vaults:4)
  10 ironbound thunderhulks
  4 vampire knights
  13 very ugly things
  6 quicksilver oozes
  21 stone giants
  5 eleionomae
  10 green draconians
  3 deep elf death magi (Elf:3)
  14 black draconians
  13 dire elephants
  2 deep elf demonologists (Elf:3)
  8 bunyips
  11 red draconians
  10 yellow draconians
  17 white draconians
  Azrael (D:15)
  5 war gargoyles
  14 purple draconians
  A spark wasp (Depths:3)
  9 deep elf annihilators
  15 ettins
  A merfolk javelineer (Depths:3)
  A blizzard demon (Swamp:4)
  Snorg (D:14)
  3 green deaths
  8 yaktaur captains
  3 jiangshi
  3 entropy weavers
  A crystal guardian (Vaults:3)
  13 fire dragons
  37 vault guards
  Fannar (D:10)
  A quicksilver dragon zombie (Vaults:2)
  Harold (D:11)
  8 great orbs of eyes
  6 deep elf high priests
  A hell beast (Depths:2)
  A shambling mangrove (Swamp:4)
  13 ice dragons
  14 hydras
  10 ironbound frosthearts
  4 rakshasas
  6 salamander tyrants (Snake:4)
  A caustic shrike simulacrum (Depths:4)
  9 alligators
  4 spriggan air magi
  2 peacekeepers (Vaults:3)
  10 centaur warriors
  3 ghost crabs (Swamp:4)
  7 ogre magi
  5 boulder beetles
  2 radroaches (Zot:4)
  2 two-headed ogres (shapeshifter)
  11 tengu warriors
  9 anacondas
  A death knight (D:14)
  3 catoblepae
  15 two-headed ogres
  18 dancing weapons
  9 death yaks
  3 hell hogs (Depths:4)
  A demonic crawler (D:7)
  7 deep troll earth magi
  9 deep troll shamans
  Urug (Lair:4)
  8 shock serpents
  9 spriggan berserkers
  4 sun demons
  An occultist (Swamp:4)
  15 naga sharpshooters
  22 hell knights
  4 vampire magi
  10 deep elf knights
  5 soul eaters
  2 skysharks
  A shadow wraith (Vaults:4)
  16 naga warriors
  9 iron trolls
  3 salamander mystics
  A storm dragon zombie (Depths:2)
  5 sixfirhies
  5 skeletal warriors (D:13)
  A storm dragon skeleton (Depths:2)
  5 goliath frogs
  4 swamp dragons
  A death drake (Swamp:4)
  2 flayed ghosts
  9 mana vipers
  4 large abominations (Depths:3)
  A glowing orange brain (Vaults:1)
  32 deep trolls
  6 spriggan druids
  6 naga ritualists
  8 arcanists
  3 bog bodies
  A steelbarb worm (shapeshifter) (Vaults:1)
  9 lindwurms
  19 ironbound convokers
  5 phantasmal warriors
  An obsidian statue (Zot:5)
  9 deep elf archers
  11 necromancers
  16 deep elf pyromancers
  4 orc sorcerers
  19 orc knights
  36 ugly things
  5 cyclopes
  25 deep elf zephyrmancers
  2 will-o-the-wisps (Swamp:4)
  22 salamanders
  3 manticores
  25 elephants
  Joseph (D:10)
  3 meliai (D:14)
  A fire giant skeleton (Vaults:4)
  3 orange demons (Swamp:4)
  35 moths of wrath
  A guardian serpent (shapeshifter) (Elf:2)
  21 black mambas
  2 water nymphs (shapeshifter) (Vaults:5)
  10 naga magi
  2 smoke demons
  6 guardian serpents
  A frost giant skeleton (Vaults:4)
  An eye of devastation (Slime:5)
  3 gargoyles
  21 vault sentinels
  Jeremiah (D:7)
  A hellion (Depths:4)
  An unseen horror (Depths:3)
  12 cane toads
  10 komodo dragons
  A freezing wraith (D:15)
  35 yaktaurs
  2 efreet (D:14)
  2 rime drakes
  A tormentor (D:2)
  5 tengu conjurers
  9 trolls
  5 hellwings (Swamp:4)
  A tengu simulacrum (Depths:4)
  An iron dragon simulacrum (Depths:4)
  5 tyrant leeches
  16 hornets
  4 glass eyes
  5 blink frogs (Lair:5)
  A human skeleton (Vaults:2)
  62 slime creatures
  5 wyverns
  4 wraiths
  34 yaks
  14 spriggans
  9 fire elementals
  2 shadows
  2 vampires
  16 humans
  8 wargs
  10 water elementals
  A yaktaur simulacrum (Vaults:2)
  10 vampire mosquitoes
  Menkaure (D:5)
  2 basilisks
  5 redbacks
  A steam dragon (D:9)
  6 chaos spawn
  23 nagas
  14 swamp worms
  10 water moccasins
  An acid dragon (D:12)
  3 hell hounds (D:15)
  32 orc warriors
  5 black bears
  An ice beast (D:7)
  A swamp drake (Swamp:1)
  8 small abominations (Depths:3)
  A deep troll simulacrum (Vaults:4)
  8 wolves
  4 centaurs
  11 ogres
  10 bullfrogs
  2 earth elementals
  A glowing shapeshifter simulacrum (Depths:4)
  14 scorpions
  2 gnoll sergeants (D:9)
  16 wights
  2 human simulacra (Vaults:4)
  7 killer bees
  3 electric eels (Lair:4)
  7 howler monkeys
  2 hounds (D:6)
  3 jellies
  10 orc priests
  A bombardier beetle (D:4)
  A centaur zombie (Ossuary)
  5 human zombies
  A gnoll bouda (D:5)
  2 sleepcaps
  Jessica (D:2)
  5 iguanas
  15 orc wizards
  5 scorpion zombies (Ossuary)
  3 mummies (Ossuary)
  17 gnolls
  9 adders
  2 river rats (D:3)
  2 white imps
  3 adder zombies (Ossuary)
  5 ribbon worms
  9 dart slugs
  69 orcs
  24 endoplasms
  16 giant cockroaches
  2 gnoll zombies (Ossuary)
  11 goblins
  7 hobgoblins
  6 jackals
  8 kobolds
  8 quokkas
  20 ball pythons
  2 ball python zombies (Ossuary)
  10 bats
  9 frilled lizards
  4 jackal zombies (Ossuary)
  3 orc zombies (Ossuary)
  7 rats
  An aspiring flesh (Zot:1)
  A butterfly (Lair:5)
2127 creatures vanquished.

Vanquished Creatures (collateral kills)
  Mennas (Vaults:2)
  Jory (Vaults:2)
  A tentacled monstrosity (Swamp:3)
  An acid blob (Slime:5)
  A rockslime (Slime:5)
  An azure jelly (Slime:5)
  A vault warden (Vaults:2)
  A bunyip (Swamp:3)
  A shambling mangrove (Swamp:1)
  2 yaktaurs (Vaults:2)
  A vampire mosquito (Swamp:1)
12 creatures vanquished.

Vanquished Creatures (others)
  A golden dragon (Vaults:5)
  A storm dragon (Zot:1)
  A fire giant (Depths:2)
  A draconian stormcaller (Zot:4)
  A deep elf high priest (Elf:3)
  A deep elf knight (Elf:1)
  A deep elf archer (Elf:1)
  A deep elf zephyrmancer (Elf:2)
  An air elemental (Elf:1)
  12 foxfires (Swamp:4)
21 creatures vanquished.

Grand Total: 2160 creatures vanquished

Notes
Turn   | Place    | Note
-------+----------+-------------------------------------------
     0 | D:1      | backslashecho the Mountain Dwarf Fighter began the quest
                  | for the Orb.
     0 | D:1      | Reached XP level 1. HP: 19/19 MP: 1/1
   230 | D:1      | Reached XP level 2. HP: 26/26 MP: 2/2
   533 | D:1      | Reached XP level 3. HP: 24/26 MP: 3/3
  1416 | D:2      | Found a faded altar of an unknown god.
  1666 | D:2      | Noticed Jessica
  1683 | D:2      | Killed Jessica
  1684 | D:2      | Reached XP level 4. HP: 24/40 MP: 4/4
  2079 | D:3      | Noticed an ogre
  2313 | D:3      | Noticed a scorpion
  2322 | D:3      | Killed a scorpion
  2323 | D:3      | Reached skill level 5 in Axes
  2323 | D:3      | Reached XP level 5. HP: 39/47 MP: 5/5
  2471 | D:3      | Killed an ogre
  2472 | D:3      | Reached XP level 6. HP: 10/53 MP: 6/6
  2556 | D:3      | Found a glowing drain.
  2610 | Sewer    | Entered a sewer
  3216 | Sewer    | Reached skill level 5 in Fighting
  3216 | Sewer    | Reached skill level 5 in Shields
  3271 | Sewer    | Reached XP level 7. HP: 61/61 MP: 7/7
  4187 | D:4      | Identified the +1 robe "Qainabat" {rPois rC++ Str-4 Dex+4
                  | Stlth+}
  4817 | D:5      | Entered Level 5 of the Dungeon
  4817 | D:5      | Found Edygeos's Magic Scroll Boutique.
  5212 | D:5      | Found a staircase to the Ecumenical Temple.
  5249 | D:5      | Bought a scroll of teleportation for 36 gold pieces
  5352 | D:5      | Reached XP level 8. HP: 39/70 MP: 8/8
  5363 | D:5      | Found a hide-covered altar of Uskayaw.
  5444 | D:5      | Found a sparkling altar of Nemelex Xobeh.
  5478 | Temple   | Entered the Ecumenical Temple
  5738 | D:5      | Found a white marble altar of Elyvilon.
  5739 | D:5      | Noticed Menkaure
  5745 | D:5      | Killed Menkaure
  5868 | D:5      | Found a bloodstained altar of Trog.
  5884 | D:5      | Became a worshipper of Trog the Wrathful
  6300 | D:5      | Found an iron altar of Okawaru.
  6343 | D:5      | Found a shadowy altar of Dithmenos.
  6889 | D:6      | Found Jallopn's Assorted Antiques.
  6891 | D:6      | Found a sand-covered staircase.
  7003 | Ossuary  | Entered an ossuary
  7032 | Ossuary  | Reached skill level 10 in Axes
  7115 | Ossuary  | Reached * piety under Trog
  7116 | Ossuary  | Reached XP level 9. HP: 67/79 MP: 9/9
  8365 | D:7      | Noticed a gargoyle
  8637 | D:7      | Killed a gargoyle
  8944 | D:7      | Reached ** piety under Trog
  8952 | D:7      | Found a blossoming altar of Fedhas.
  9208 | D:7      | Noticed Jeremiah
  9268 | D:7      | Killed Jeremiah
  9633 | D:7      | Reached XP level 10. HP: 67/85 MP: 10/10
  9652 | D:7      | Found a broken altar of Ashenzari.
  9712 | D:7      | Found the amulet of Elemental Vulnerability {rPois rF--
                  | rC-- AC+8}
 10042 | D:8      | Noticed Gangsterbeez's ghost (novice MiFi)
 10051 | D:8      | Found a transporter.
 10390 | D:8      | Noticed a two-headed ogre
 10411 | D:8      | Killed a two-headed ogre
 10954 | D:8      | Found a transporter.
 11127 | D:8      | Noticed a moth of wrath
 11592 | D:9      | Identified the +5 chain mail "Kelugh" {Str+3 Dex+2}
 11936 | D:9      | Reached *** piety under Trog
 12094 | D:9      | Found a staircase to the Orcish Mines.
 12133 | D:9      | Reached skill level 5 in Armour
 12425 | D:9      | Found a glowing silver altar of Zin.
 12425 | D:9      | Found a radiant altar of Vehumet.
 12724 | D:10     | Entered Level 10 of the Dungeon
 12846 | D:10     | Reached XP level 11. HP: 51/97 MP: 11/11
 12980 | D:10     | Found a staircase to the Lair.
 13002 | D:10     | Reached skill level 10 in Shields
 13115 | D:10     | Noticed Joseph
 13151 | D:10     | Killed Joseph
 13339 | D:10     | Reached skill level 15 in Axes
 14117 | D:10     | Noticed Fannar
 14148 | D:10     | Killed Fannar
 14426 | D:11     | Noticed a boulder beetle
 14897 | D:11     | You fall into a shaft and drop 2 floors!
 14937 | D:13     | Noticed a skeletal warrior
 14997 | D:13     | Noticed a five-headed hydra
 15007 | D:13     | Noticed a centaur warrior
 15014 | D:13     | Noticed a centaur warrior
 15241 | D:13     | Noticed a green ugly thing
 15263 | D:13     | Killed a green ugly thing
 15273 | D:13     | Reached **** piety under Trog
 15325 | D:13     | Noticed an orc knight
 15352 | D:13     | Found a gate to the Vaults.
 15544 | D:11     | Reached XP level 12. HP: 85/104 MP: 12/12
 16368 | D:11     | Noticed Harold
 16379 | D:11     | Killed Harold
 16981 | Orc:1    | Entered Level 1 of the Orcish Mines
 17718 | Orc:1    | Found a roughly hewn altar of Beogh.
 18096 | Orc:2    | Entered Level 2 of the Orcish Mines
 18304 | Orc:2    | Reached ***** piety under Trog
 18635 | Orc:2    | Found a roughly hewn altar of Beogh.
 18772 | Orc:2    | Noticed an ogre mage
 18781 | Orc:2    | Killed an ogre mage
 18802 | Orc:2    | Found Adwahays's Assorted Antiques.
 18802 | Orc:2    | Noticed a two-headed ogre
 18809 | Orc:2    | Killed a two-headed ogre
 18821 | Orc:2    | Identified a scroll of acquirement
 18826 | Orc:2    | Acquired a manual of Shields
 18846 | Orc:2    | Bought a scroll of identify for 68 gold pieces
 18857 | Orc:2    | Found Yhuput's Book Boutique.
 18857 | Orc:2    | Noticed a two-headed ogre
 18857 | Orc:2    | Noticed an ogre mage
 18857 | Orc:2    | Noticed an ogre mage
 18857 | Orc:2    | Noticed a two-headed ogre
 18864 | Orc:2    | Killed a two-headed ogre
 18867 | Orc:2    | Killed a two-headed ogre
 18873 | Orc:2    | Killed an ogre mage
 18880 | Orc:2    | Killed an ogre mage
 18880 | Orc:2    | Received a gift from Trog
 18881 | Orc:2    | Reached skill level 10 in Fighting
 18999 | Orc:2    | Reached XP level 13. HP: 89/113 MP: 13/13
 19565 | Orc:2    | Found a staircase to the Elven Halls.
 19693 | Orc:2    | Found Areyfi's Weapon Shop.
 19697 | Orc:2    | Found Fockady's Distillery.
 19714 | Orc:2    | Bought a potion of enlightenment for 85 gold pieces
 19751 | Orc:2    | Found a roughly hewn altar of Beogh.
 20029 | Orc:2    | Bought a scroll of teleportation for 102 gold pieces
 20158 | D:6      | Bought a scroll labelled CIORPH ARAXEATT for 29 gold pieces
 20284 | Lair:1   | Entered Level 1 of the Lair of Beasts
 20564 | Lair:1   | Reached skill level 15 in Shields
 21083 | Lair:2   | Found a staircase to the Snake Pit.
 22024 | Lair:3   | Reached skill level 1 in Evocations
 22926 | Lair:3   | Found a staircase to the Swamp.
 23986 | Lair:4   | Reached skill level 10 in Armour
 24067 | Lair:4   | Noticed Urug
 24082 | Lair:4   | Killed Urug
 24083 | Lair:4   | Reached XP level 14. HP: 114/126 MP: 14/14
 24119 | Lair:4   | Found a staircase to the Slime Pits.
 24641 | Lair:4   | Found a runed translucent door.
 25048 | Lair:4   | Reached skill level 5 in Evocations
 25193 | Lair:4   | Received a gift from Trog
 25307 | Lair:5   | Entered Level 5 of the Lair of Beasts
 26048 | Lair:5   | Identified the +5 flail "Arbiter" {drain, Dex+3}
 26331 | Lair:5   | Reached skill level 1 in Dodging
 27857 | D:13     | Reached ****** piety under Trog
 27927 | D:13     | Found a portal to a secret trove of treasure.
 28087 | D:13     | Identified the +2 battleaxe "Bacewk" {flame, rPois} (Trog
                  | gifted it to you on level 13 of the Dungeon)
 28087 | D:13     | Received a gift from Trog
 28145 | D:13     | Reached XP level 15. HP: 132/132 MP: 15/15
 28491 | D:13     | Reached skill level 5 in Dodging
 28993 | D:14     | Noticed Snorg
 29005 | D:14     | Killed Snorg
 29146 | D:14     | Noticed patfeehan111222's ghost (journeyman MiBe)
 29163 | D:14     | Found a transporter.
 29179 | D:14     | Found Guut's Weapon Boutique.
 29233 | D:14     | Reached skill level 1 in Throwing
 29672 | D:14     | Found a snail-covered altar of Cheibriados.
 29688 | D:14     | Found a transporter.
 30194 | D:15     | Entered Level 15 of the Dungeon
 30194 | D:15     | Noticed Roxanne
 30221 | D:15     | Noticed Azrael
 30238 | D:15     | Killed Azrael
 31147 | D:15     | Noticed Louise
 31171 | D:15     | Killed Louise
 31480 | D:15     | Found a shadowy altar of Dithmenos.
 31564 | D:15     | Reached skill level 10 in Evocations
 31570 | D:15     | Received a gift from Trog
 31672 | D:15     | Found a staircase to the Depths.
 32385 | Snake:1  | Entered Level 1 of the Snake Pit
 32534 | Lair:4   | Acquired a manual of Armour
 32960 | Snake:1  | Identified the serpent talisman of Curiosity {rElec rN+}
 32960 | Snake:1  | Noticed Aizul
 32981 | Snake:1  | Killed Aizul
 32982 | Snake:1  | HP: 5/136 [poisoned by Aizul (bolt of poison)]
 33373 | Snake:1  | Reached skill level 5 in Throwing
 34122 | Snake:2  | Noticed Vashnia
 34326 | Snake:1  | HP: 5/137 [poisoned by naga sharpshooter (concentrated
                  | venom)]
 34635 | Snake:2  | Reached XP level 16. HP: 126/145 MP: 16/16
 35657 | Snake:2  | HP: 2/146 [shock serpent (14)]
 35990 | Swamp:1  | Entered Level 1 of the Swamp
 36143 | Swamp:1  | Received a gift from Trog
 38193 | Swamp:2  | Identified the +4 orcbow of the Forgotten Heavens {drain,
                  | rF+ Str+2}
 38340 | Swamp:3  | Noticed Jorgrun
 38362 | Swamp:3  | Killed Jorgrun
 38450 | Swamp:3  | Received a gift from Trog
 38723 | Swamp:3  | Noticed a tentacled monstrosity
 38729 | Swamp:3  | Killed a tentacled monstrosity
 38730 | Swamp:3  | Reached skill level 15 in Fighting
 38823 | Swamp:3  | Noticed a tentacled monstrosity
 38846 | Swamp:3  | Killed a tentacled monstrosity
 39259 | Swamp:4  | Entered Level 4 of the Swamp
 39391 | Swamp:4  | Reached skill level 15 in Armour
 39857 | Swamp:4  | Reached XP level 17. HP: 156/156 MP: 17/17
 39879 | Swamp:4  | HP: 11/231 [something (6)]
 40567 | Swamp:4  | Paralysed by something for 4 turns
 40913 | Swamp:4  | Identified the +3 broad axe of a bazaar {flame, rPois MP+9
                  | Str+4}
 41052 | Swamp:4  | Received a gift from Trog
 41502 | Swamp:4  | Got a decaying rune of Zot
 41688 | Swamp:4  | Noticed a tentacled monstrosity
 41695 | Swamp:4  | Killed a tentacled monstrosity
 42270 | Snake:2  | Killed Vashnia
 42484 | Snake:2  | You fall into a shaft and drop 1 floor!
 43915 | Snake:3  | Received a gift from Trog
 44462 | Snake:4  | Entered Level 4 of the Snake Pit
 46655 | Snake:4  | Reached XP level 18. HP: 144/170 MP: 18/18
 46752 | Snake:4  | Identified the +6 demon trident of the Undead {flame, rF+
                  | Dex+4} (Trog gifted it to you on level 4 of the Snake Pit)
 46752 | Snake:4  | Received a gift from Trog
 47365 | Snake:4  | Got a serpentine rune of Zot
 47615 | Vaults:1 | Entered Level 1 of the Vaults
 48149 | Vaults:1 | Found Xismod's Armour Emporium.
 48722 | Vaults:1 | Received a gift from Trog
 49081 | Vaults:1 | Identified the +5 quarterstaff of the Disturbing Princes
                  | {venom, ^Contam rCorr Str+3 SInv}
 49744 | Vaults:2 | Identified the +1 pair of gloves "Basiz" {Str+3 Slay+3}
 49864 | Vaults:2 | Noticed Jory
 49876 | Vaults:2 | Killed Jory
 50011 | Vaults:2 | Identified the +2 robe of Syndicalism {Harm rElec}
 50011 | Vaults:2 | Noticed Boris
 50029 | Vaults:2 | Killed Boris
 50304 | Vaults:2 | Noticed Zenata
 50308 | Vaults:2 | Acquired the +13 crystal plate armour "Buasokh" {rC++}
 50321 | Vaults:2 | Killed Zenata
 50358 | Vaults:2 | Noticed Donald
 50371 | Vaults:2 | Killed Donald
 50462 | Vaults:2 | Reached XP level 19. HP: 180/180 MP: 19/19
 50486 | Vaults:2 | Received a gift from Trog
 50726 | Vaults:2 | Noticed Sojobo
 50737 | Vaults:2 | Paralysed by an air elemental for 1 turns
 50746 | Vaults:2 | Killed Sojobo
 50930 | Vaults:2 | Noticed Mennas
 50958 | Vaults:2 | Killed Mennas
 51760 | Vaults:3 | Received a gift from Trog
 52593 | Vaults:3 | Found a staircase to the Crypt.
 53251 | Vaults:3 | Found Aqyaniad's Weapon Shoppe.
 53821 | Vaults:4 | Reached XP level 20. HP: 191/191 MP: 20/20
 53935 | Vaults:4 | Noticed Bai Suzhen
 53973 | Vaults:4 | Killed Bai Suzhen
 54150 | Vaults:4 | Noticed Saint Roka
 54150 | Vaults:4 | Paralysed by an orc sorcerer for 3 turns
 54180 | Vaults:4 | Killed Saint Roka
 54441 | Vaults:4 | Received a gift from Trog
 55210 | Slime:1  | Entered Level 1 of the Pits of Slime
 55426 | Slime:5  | Entered Level 5 of the Pits of Slime
 55519 | Slime:5  | Noticed the Royal Jelly
 55574 | Slime:5  | Killed the Royal Jelly
 55578 | Slime:5  | Found the +8 pair of quick blades "Gyre" and "Gimble"
                  | {protect}
 55610 | Slime:5  | Found the +3 giant club "Skullcrusher" {speed, Str+7}
 55611 | Slime:5  | Found the +4 consecrated labrys {holy, Valiant ^Fragile Fly
                  | SInv}
 55617 | Slime:5  | Got a starry gem with 270 turns to spare
 55630 | Slime:5  | Got a slimy rune of Zot
 55670 | Slime:5  | Identified the ring of Vudghasiv {rElec Str+2 Int+6}
 55717 | Slime:5  | Identified the +8 war axe "Zosum" {freeze, Dex+3}
 56021 | Depths:1 | Entered Level 1 of the Depths
 56053 | Depths:1 | Found a gateway to Hell.
 56090 | Depths:1 | Received a gift from Trog
 56236 | Depths:1 | Found Woss's Antique Armour Boutique.
 56241 | Depths:1 | Found Hoshyfil's Book Boutique.
 56302 | Depths:1 | Found Lerufay's Weapon Boutique.
 56304 | Depths:1 | Found a one-way gateway to a ziggurat.
 56728 | Depths:1 | Found Idorutig's Distillery.
 57284 | Depths:1 | Bought a potion of heal wounds for 110 gold pieces
 57284 | Depths:1 | Bought a potion of heal wounds for 110 gold pieces
 57284 | Depths:1 | Bought a potion of heal wounds for 110 gold pieces
 57284 | Depths:1 | Bought 2 potions of curing for 132 gold pieces
 57782 | Depths:2 | Noticed the Enchantress
 57803 | Depths:2 | Reached XP level 21. HP: 196/202 MP: 21/21
 57812 | Depths:2 | Killed the Enchantress
 57885 | Depths:2 | Received a gift from Trog
 57942 | Depths:2 | Found a one-way gate leading to the halls of Pandemonium.
 59105 | Depths:3 | Received a gift from Trog
 59596 | Depths:3 | Received a gift from Trog
 59636 | Depths:3 | Identified the +4 rapier "Gowkol" {heavy, rPois rN++ Will+}
 59803 | Depths:3 | Noticed a juggernaut
 59809 | Depths:3 | Paralysed by a sphinx for 4 turns
 59828 | Depths:3 | Killed a juggernaut
 59830 | Depths:3 | Found a one-way gate to the infinite horrors of the Abyss.
 59944 | Depths:3 | Identified the +6 rapier of the Ghost {heavy, Str+3 SInv}
 60265 | Depths:4 | Entered Level 4 of the Depths
 60265 | Depths:4 | Noticed a caustic shrike
 60361 | Depths:4 | Reached XP level 22. HP: 162/208 MP: 22/22
 60567 | Depths:4 | Identified the ring of Wariness {Ice rElec rPois Str-3}
 60567 | Depths:4 | Noticed Josephina
 60573 | Depths:4 | Killed Josephina
 60747 | Depths:4 | Found Reliwoh's Distillery.
 60751 | Depths:4 | Bought a potion of heal wounds for 110 gold pieces
 60941 | Depths:4 | Received a gift from Trog
 60941 | Depths:4 | Found a gate to the Realm of Zot.
 60951 | Depths:4 | Noticed a caustic shrike
 61082 | Depths:4 | Killed a caustic shrike
 61086 | Depths:4 | Noticed a caustic shrike
 61091 | Depths:4 | Noticed a caustic shrike
 61093 | Depths:4 | Killed a caustic shrike
 61100 | Depths:4 | Killed a caustic shrike
 61101 | Depths:4 | Killed a caustic shrike
 61943 | Depths:1 | Bought the +18 shield of the Gong {Loud rN+ Will+ rCorr
                  | EV-5} for 3356 gold pieces
 61943 | Depths:1 | Found the +18 shield of the Gong {Loud rN+ Will+ rCorr
                  | EV-5}
 62152 | Elf:1    | Entered Level 1 of the Elven Halls
 62391 | Elf:1    | Received a gift from Trog
 62473 | Elf:1    | Found Fixtoir's Distillery.
 62506 | Elf:1    | Bought a potion of enlightenment for 95 gold pieces
 62506 | Elf:1    | Bought a potion of curing for 57 gold pieces
 62506 | Elf:1    | Bought a potion of curing for 57 gold pieces
 62506 | Elf:1    | Bought a potion of heal wounds for 95 gold pieces
 62506 | Elf:1    | Bought a potion of curing for 57 gold pieces
 62506 | Elf:1    | Bought a potion of curing for 57 gold pieces
 62620 | Elf:1    | Found Veleck's General Store.
 62624 | Elf:1    | Bought a scroll of fog for 44 gold pieces
 62748 | Elf:1    | Identified the ring of the Peculiar Knives {Fire +Blink rN+
                  | Will+ Int-5}
 63121 | Elf:2    | Found a runed translucent gate.
 63121 | Elf:2    | Found a runed translucent gate.
 63121 | Elf:2    | Found a runed translucent gate.
 63423 | Elf:2    | Found Dediujol's Weapon Shop.
 63465 | Elf:3    | Entered Level 3 of the Elven Halls
 63603 | Elf:3    | Received a gift from Trog
 63604 | Elf:3    | Reached XP level 23. HP: 215/224 MP: 23/23
 63652 | Elf:3    | Identified the +2 hand axe "Soarhom" {freeze, rF+ SInv}
 63691 | Elf:3    | Identified the ring of the Exiled Hosts {Fly Str+2}
 63700 | Elf:3    | Identified the ring "Noch" {rN+ Dex+6 Slay+5}
 63710 | Elf:3    | Identified the +0 scale mail of the Tarantula {rElec Str+2
                  | Dex+3}
 63716 | Elf:3    | Got a shimmering gem with 335 turns to spare
 63739 | Elf:3    | Identified the +4 great sword "Popob" {heavy, rCorr}
 64313 | Elf:3    | Identified the staff of a Labyrinth {rElec Dex+3 Air}
 64832 | Vaults:5 | Entered Level 5 of the Vaults
 64870 | Vaults:5 | Received a gift from Trog
 64903 | Vaults:5 | Paralysed by a sphinx for 4 turns
 65134 | Vaults:5 | Noticed a dread lich
 65134 | Vaults:5 | Identified the +6 dagger "Palozih" {venom, rElec rC- Int+4}
 65149 | Vaults:4 | Killed a dread lich
 65279 | Vaults:5 | Identified the +3 glaive of Unpleasantness {drain, rElec
                  | rCorr Str+5}
 65401 | Vaults:5 | Identified the +6 longbow "Etegax" {heavy, rC- Dex-4 SInv
                  | Stlth+}
 65403 | Vaults:5 | Received a gift from Trog
 66745 | Vaults:5 | Reached XP level 24. HP: 211/236 MP: 23/23
 66905 | Vaults:5 | Identified the +10 war axe of Fimbulwinter {flame, rF+ rC-
                  | rN++ Will+ Dex+3} (Trog gifted it to you on level 5 of the
                  | Vaults)
 66905 | Vaults:5 | Received a gift from Trog
 66951 | Vaults:5 | Noticed a dread lich
 66955 | Vaults:5 | Killed a dread lich
 66967 | Vaults:5 | Identified the +1 chain mail of Classification {rF+ Stlth+}
 67046 | Vaults:5 | Got a silver rune of Zot
 67138 | Vaults:5 | Found Tuemiapt's Magic Scroll Boutique.
 67153 | Vaults:5 | Found Plog's Magic Scroll Shoppe.
 67755 | Vaults:5 | Bought a scroll of teleportation for 51 gold pieces
 67755 | Vaults:5 | Bought a scroll of acquirement for 884 gold pieces
 67755 | Vaults:5 | Bought a scroll of fog for 68 gold pieces
 67755 | Vaults:5 | Bought a scroll of fear for 68 gold pieces
 67755 | Vaults:5 | Acquired 591 gold pieces
 67784 | Vaults:5 | Bought a scroll of fog for 84 gold pieces
 67784 | Vaults:5 | Bought a scroll of teleportation for 63 gold pieces
 67784 | Vaults:5 | Bought a scroll of fear for 84 gold pieces
 67784 | Vaults:5 | Bought a scroll of fog for 84 gold pieces
 68139 | Orc:2    | Bought 2 potions of might for 136 gold pieces
 68139 | Orc:2    | Bought a potion of ambrosia for 136 gold pieces
 68139 | Orc:2    | Bought a potion of enlightenment for 85 gold pieces
 68139 | Orc:2    | Bought a potion of invisibility for 136 gold pieces
 68139 | Orc:2    | Bought a potion of resistance for 170 gold pieces
 68139 | Orc:2    | Bought a potion of curing for 51 gold pieces
 68181 | Orc:2    | Bought a potion of cancellation for 272 gold pieces
 68315 | D:6      | Bought a potion of resistance for 290 gold pieces
 68625 | Zot:1    | Entered Level 1 of the Realm of Zot
 69599 | Zot:1    | Received a gift from Trog
 70190 | Zot:2    | Noticed an orb of fire
 70197 | Zot:2    | Gained mutation: You occasionally lose the ability to drink
                  | potions when taking damage. [an orb of fire]
 70199 | Zot:2    | Gained mutation: You are dopey. (Int -2) [an orb of fire]
 70200 | Zot:2    | Killed an orb of fire
 70880 | Zot:3    | Received a gift from Trog
 70880 | Zot:3    | Found the +16 obsidian axe {drain, demonic, Mesm ^Drain Fly
                  | SInv}
 71023 | Zot:3    | Reached XP level 25. HP: 210/247 MP: 23/23
 73079 | Zot:4    | Reached skill level 27 in Shields
 73239 | Zot:4    | Received a gift from Trog
 74025 | Zot:4    | Noticed an orb of fire
 74036 | Zot:4    | Killed an orb of fire
 74082 | Zot:4    | Noticed an ancient lich
 74088 | Zot:4    | Killed an ancient lich
 74170 | Zot:4    | Found a stormy altar of Qazlal.
 74181 | Zot:4    | Identified the +6 storm dragon scales "Tomexec" {rElec rF+
                  | rC+ Int+2 Stlth--}
 74206 | Zot:5    | Entered Level 5 of the Realm of Zot
 74215 | Zot:4    | Identified the staff of the Mosquito {rElec Int-2 Dex+2
                  | Stlth-- Conj Air Earth}
 74218 | Zot:4    | Identified the storm talisman of Zoxuy {rC+ rN+ MP-9 Str+5
                  | Stlth--}
 74238 | Zot:5    | Noticed an orb of fire
 74458 | Zot:5    | Gained mutation: Your body sometimes deteriorates upon
                  | taking damage. [an orb of fire]
 74462 | Zot:5    | Killed an orb of fire
 74492 | Zot:5    | Received a gift from Trog
 74501 | Zot:5    | Found a runed translucent gate.
 74501 | Zot:5    | Found a runed translucent gate.
 74501 | Zot:5    | Found a runed translucent gate.
 74502 | Zot:5    | Noticed Ygyeth Femmu's ghost (veteran MiBe)
 74503 | Zot:5    | Noticed Tiejaxt's ghost (master TeAE)
 74777 | Zot:5    | Lost mutation: Your body sometimes deteriorates upon taking
                  | damage. [potion of mutation]
 74777 | Zot:5    | Lost mutation: You occasionally lose the ability to drink
                  | potions when taking damage. [potion of mutation]
 74777 | Zot:5    | Lost mutation: You are dopey. (Int -2) [potion of mutation]
 74777 | Zot:5    | Gained mutation: Armour fits poorly on your strangely
                  | shaped body. [potion of mutation]
 74777 | Zot:5    | Gained mutation: Your mind is acute. (Int +4, Str/Dex -1)
                  | [potion of mutation]
 74777 | Zot:5    | Gained mutation: You are partially covered in iridescent
                  | scales. (AC +2) [potion of mutation]
 75352 | Zot:5    | Reached XP level 26. HP: 103/260 MP: 23/23
 75353 | Zot:5    | Noticed an ancient lich
 75354 | Zot:5    | Noticed an orb of fire
 75361 | Zot:5    | Lost mutation: Your mind is acute. (Int +4, Str/Dex -1) [an
                  | orb of fire]
 75376 | Zot:5    | Killed an orb of fire
 75377 | Zot:5    | Noticed an orb of fire
 75379 | Zot:5    | Killed an ancient lich
 75544 | Zot:4    | Killed an orb of fire
 75664 | Zot:5    | Reached skill level 27 in Axes
 75720 | Zot:5    | Noticed an orb of fire
 75742 | Zot:5    | Killed an orb of fire
 75781 | Zot:5    | Noticed a dread lich
 75797 | Zot:5    | Killed a dread lich
 75891 | Zot:5    | Noticed an ancient lich
 75902 | Zot:5    | Noticed an orb of fire
 75942 | Zot:5    | Gained mutation: You have large cloven feet. [an orb of
                  | fire]
 75943 | Zot:5    | Killed an orb of fire
 75953 | Zot:5    | Killed an ancient lich
 76084 | Zot:5    | Noticed an orb of fire
 76105 | Zot:5    | Gained mutation: You are clumsy. (Dex -2) [an orb of fire]
 76106 | Zot:5    | Killed an orb of fire
 76114 | Zot:5    | Noticed a dread lich
 76126 | Zot:5    | Killed a dread lich
 76181 | Zot:5    | Noticed a dread lich
 76185 | Zot:5    | Killed a dread lich
 76301 | Zot:5    | Received a gift from Trog
 76424 | Zot:5    | Got the Orb of Zot
 76460 | Zot:5    | Noticed an orb of fire
 77082 | D:$      | Escaped with the Orb!

Illustrated notes

Levels and vault maps discovered:
D:1:      heliophobic_arrival_battle_scene, layout_basic
D:2:      layout_loops_ring, hellmonk_ecumenical_altar_crossroads,
          dk_noncrumbling_4, kennysheep_another_room, nicolae_wormholes,
          uniq_jessica
D:3:      layout_loops_cross, gup_sewer_entry_bubbles, minivault_26,
          minmay_joined_circles
D:4:      layout_gridville
D:5:      layout_basic, lemuel_coloured_pillars_altar,
          mainiacjoe_overflow_tiny_flanked, lemuel_crystal_altar,
          mainiacjoe_overflow_two_lobes, nicolae_uskayaw_suspiria,
          minmay_temple_entry_gardened_gates, serial_shops, shop, st_stairs_12,
          uniq_menkaure
D:6:      layout_layer_cave, serial_shops, shop, enter_ossuary_3
D:7:      layout_loops_ring, mainiacjoe_overflow_boulevard, marbit_many_paths,
          uniq_jeremiah
D:8:      layout_layer_cave, gammafunk_ghost_berserking_beasts
D:9:      layout_basic, gammafunk_temple_overflow_wave, orc_0_dummy
D:10:     kennysheep_blocky_room, layout_loops_ring, lightli_orcish_oven,
          uniq_joseph, uniq_fannar
D:11:     layout_loops_corners, nicolae_figureground_pulse, uniq_harold
D:12:     layout_long_grid, st_stairs_6, chequers_jeans
D:13:     layout_basic, david_vaults_3, enter_trove_1
D:14:     layout_irregular_city, cheibriados_altar_1, serial_glass,
          glass_columns_b, glass_columns_a, glass_columns_a, glass_columns_a,
          glass_columns_b, glass_columns_c, serial_shops,
          nicolae_shop_bloodbath_and_beyond, gammafunk_ghost_stat_death,
          serial_park_tiny_pond, drop_trap, uniq_snorg
D:15:     hangedman_depths_entry_civil_slaughter, layout_gridville,
          grunt_dithmenos_shadows, uniq_louise, uniq_azrael, uniq_roxanne
Temple:   nicolae_temple_hex_pool
Lair:1:   layout_misc_corridors
Lair:2:   layout_regular_city, guppyfry_snake_entry_island,
          nicolae_lair_lindhole, infiniplex_staircase_pool_2
Lair:3:   layout_roguey, mainiacjoe_swamp_entry_angry_trees,
          infiniplex_staircase_pool
Lair:4:   gammafunk_lair_enchanted_lake, layout_cave_pods, slime_entry_1,
          uniq_urug
Lair:5:   grunt_lair_end_beastmaster, layout_loops_ring, lemuel_fruit_fields
Swamp:1:  layout_falls_marsh, serial_swamp_ruin, evilmike_swamp_ruin_house_1,
          evilmike_swamp_ruin_wall, swamp_pool_4
Swamp:2:  layout_basic_swamp, evilmike_swamp_ruin_house_4
Swamp:3:  layout_falls_marsh, evilmike_swamp_ruin_house_6, uniq_jorgrun
Swamp:4:  nzn_swamp_witches_coven, layout_basic_swamp, swamp_pool_1_2
Snake:1:  nicolae_snake_nest, layout_grid_shapes, uniq_aizul
Snake:2:  layout_onion_interference, grunt_megastairs_3, uniq_vashnia
Snake:3:  layout_basic
Snake:4:  grunt_snake_rune_pools, layout_layer_cave, grunt_ministairs_1
Slime:1:  layout_caves
Slime:2:  layout_caves
Slime:3:  layout_caves
Slime:4:  layout_caves, nicolae_slime_rock_hall_of_fame
Slime:5:  slime_pit
Orc:1:    layout_caves, basic_altar
Orc:2:    st_orc_town, layout_caves, basic_altar
Elf:1:    minmay_elf_arrival_plus, layout_geoelf_octagon, serial_shops, shop,
          shop, nicolae_elf_crossing_hall, small_chamber_with_monster
Elf:2:    elven_hall_of_blades_hangedman_original [nicolae_blade_bullseye],
          layout_rooms, serial_shops, shop,
          nicolae_concentric_dashed_squares_mild, dreamdust_mushroom_princess
Elf:3:    grunt_elf_hall_spiral, layout_gridlike
Vaults:1: ontoclasm_vaults_eye, nicolae_vaults_specimen_jars,
          nicolae_vaults_little_squares_3, nicolae_vaults_trapezoid_layered,
          nicolae_vaults_three_branches, v_misc_26, nicolae_vaults_little_ls,
          hangedman_vaults_locks, nicolae_vaults_offset_grid_hallway_1,
          dpeg_vaults_monster_box, nicolae_vaults_shipping_containers_2,
          vaults_mumra_chevron_long, layout_vaults_omnibox
Vaults:2: grunt_vaults_focal, ontoclasm_vaults_shuriken, nicolae_vaults_cochlea,
          ontoclasm_vaults_spin, vaults_mumra_lcd, v_pattern_3,
          hangedman_vaults_cutoff, vaults_room_door_ring, v_misc_2,
          nicolae_vaults_two_Ls, nicolae_vaults_tetromino_L_1,
          grunt_vaults_trifunnel, layout_vaults_maze, uniq_boris, uniq_mennas,
          uniq_sojobo, uniq_zenata, uniq_jory, uniq_donald
Vaults:3: nicolae_vaults_puzzle_piece, minmay_crypt_entry_simple_box, v_misc_12,
          nicolae_vaults_stepped_doors, v_misc_29,
          nicolae_vaults_trapezoid_lopsided_1, nicolae_vaults_more_shelving_1,
          vaults_dpeg_emergency_exit, layout_vaults_omnigrid, serial_shops,
          nicolae_shop_crystal
Vaults:4: nicolae_vaults_network_quinsquares
          [nicolae_vaults_network_quincunx_subvault,
          nicolae_vaults_network_quincunx_subvault,
          nicolae_vaults_network_quincunx_subvault,
          nicolae_vaults_network_quincunx_subvault], v_misc_18,
          vaults_room_fours, nicolae_vaults_rhombus_5,
          nicolae_vaults_tetromino_T_1, hangedman_vaults_capsules, v_misc_5,
          nicolae_vaults_rhombus_6, nicolae_vaults_bisected_inception,
          vaults_dpeg_ring, vaults_room_stairs_pillars,
          serial_library_hellmonk_big_corner, nicolae_vaults_trapezoid_3,
          v_misc_3, layout_vaults_ring, uniq_saint_roka, uniq_bai_suzhen
Vaults:5
Depths:1: layout_basic, enter_ziggurat_c, serial_bayou_pond_e, serial_shops,
          shop, nicolae_take_the_stairs, pf_coc_iceberg, evilmike_butchery,
          firewood_loft, minmay_shop_star
Depths:2: minmay_quarter_circles, layout_gridlike, kennysheep_cross_bottleneck,
          rand_demon_pan_entry_5, pf_hell_entry_tar_river, uniq_enchantress
Depths:3: kennysheep_bubble_arena, layout_cave_pools, minmay_room_of_horrors,
          grunt_hell_entry_dis_mu, grunt_pan_entry_spiral, st_stairs_10,
          minmay_staircase_statues
Depths:4: grunt_zot_entry_funnels, layout_basic, pan_entry, hellmouth_3,
          serial_shops, shop, uniq_josephina
Zot:1:    layout_onion_interference, st_stairs_9,
          regret_index_zotdec_slimy_original, kennysheep_underground_church
Zot:2:    layout_basic, bh_zot_ikea_curve
Zot:3:    kennysheep_room_grid, layout_basic, bh_zot_lava_cross
Zot:4:    regret_index_qazlal_generations, layout_gridlike,
          regret_index_zotdec_misc_clamp, grunt_ministairs_9, zot_minivault_1
Zot:5:    layout_basic, gammafunk_ghost_cemetery, skrybe_zot_glass_2

Skill      XL: |  1  2  3  4  5  6  7  8  9 10 11 12 13 14 15 16 17 18 19 20 21 22 23 24 25 26 |
---------------+-------------------------------------------------------------------------------+-----
Axes           | 3 4 5 6 8 10 12 14 16 18 19 20 22 23 24 25 26 27 | 27.0
Fighting       | 4 5 6 7 8 9 10 12 13 15 17 18 19 20 21 22 23 24 25 26 | 26.8
Shields        | 4 5 6 7 8 9 11 13 17 18 19 21 22 23 24 25 26 27 | 27.0
Armour         | 5 7 9 10 12 15 18 19 20 21 22 23 24 25 26 | 26.8
Evocations     | 4 8 10 13 | 13.0
Dodging        | 4 5 |  5.0
Throwing       | 5 6 |  6.0

Action                     |  1- 3 |  4- 6 |  7- 9 | 10-12 | 13-15 | 16-18 | 19-21 | 22-24 | 25-27 || total
---------------------------+-------+-------+-------+-------+-------+-------+-------+-------+-------++-------
  Melee: War axe           |   180 |   295 |   479 |   316 |  1352 |   225 |       |       |       ||  2847
         Hand axe          |     5 |       |    14 |   556 |       |    45 |       |       |       ||   620
         Flail             |       |       |       |       |    17 |       |       |       |       ||    17
         Broad axe         |       |       |       |       |       |  1534 |   912 |       |       ||  2446
         Labrys            |       |       |       |       |       |       |   666 |  1435 |   914 ||  3015
  Throw: Dart              |       |     6 |     2 |     7 |     4 |       |       |     2 |     1 ||    22
         Throwing net      |       |       |       |     1 |     1 |       |       |       |     6 ||     8
 Invoke: Berserk           |       |       |     1 |    13 |    21 |    21 |     5 |     4 |     1 ||    66
         Trog's Hand       |       |       |       |     7 |     4 |     9 |     5 |    10 |     5 ||    40
         Brothers in Arms  |       |       |       |       |       |     5 |     2 |       |     3 ||    10
  Evoke: Wand              |       |       |     1 |       |     4 |     8 |     3 |     9 |    19 ||    44
         Tin of tremorston |       |       |       |       |     1 |       |     3 |     3 |       ||     7
    Use: Potion            |     1 |       |     1 |     1 |     1 |     1 |     7 |     1 |    15 ||    28
         Scroll            |     3 |       |    12 |    10 |     8 |     8 |     2 |    10 |    10 ||    63
   Stab: Held in net/web   |       |       |       |     2 |     1 |       |       |       |       ||     3
         Petrified         |       |       |       |       |    14 |       |       |       |       ||    14
         Petrifying        |       |       |       |       |     5 |       |       |       |       ||     5
         Distracted        |       |       |       |       |       |     1 |     1 |       |     1 ||     3
         Paralysed         |       |       |       |       |       |       |     1 |       |       ||     1
         Invisible         |       |       |       |       |       |       |     2 |       |       ||     2
 Armour: Scale mail        |   154 |    21 |       |       |       |       |       |       |       ||   175
         Chain mail        |       |   240 |   360 |   414 |   554 |       |       |       |       ||  1568
         Fire dragon scale |       |       |       |       |    95 |   877 |       |       |       ||   972
         Plate armour      |       |       |       |       |    68 |   118 |       |       |       ||   186
         Skin              |       |       |       |       |    10 |       |       |       |       ||    10
         Crystal plate arm |       |       |       |       |       |    11 |  1028 |  1353 |   596 ||  2988
  Dodge: Dodged            |    92 |    89 |   140 |   161 |   254 |   285 |   274 |   243 |   166 ||  1704
  Block: Buckler           |    41 |    56 |   123 |    89 |       |       |       |       |       ||   309
         Kite shield       |       |       |       |   213 |   536 |       |   658 |  1318 |   527 ||  3252
         Tower shield      |       |       |       |       |   337 |  1637 |   415 |   135 |       ||  2524
         Reflection        |       |       |       |       |       |       |    10 |       |       ||    10

Table legend: (Time is in decaauts)
 A = Elapsed time spent in this place.
 B = Non-inter-level travel time spent in this place.
 C = Inter-level travel time spent in this place.
 D = Time resting spent in this place.
 E = Time spent auto-exploring this place.
 F = Levels seen in this place.
 G = Mean time per level.
                   A        B        C        D        E       F      G
               +--------+--------+--------+--------+--------+-----+--------+
         Total |  75975 |  68048 |   7927 |  16528 |  33436 |  55 | 1381.4 |
       Dungeon |  23336 |  20393 |   2943 |   4086 |  11473 |  15 | 1555.7 |
        Temple |    119 |    119 |      0 |      0 |    118 |   1 |  119.0 |
          Lair |   7502 |   6538 |    964 |   1285 |   3820 |   5 | 1500.4 |
         Swamp |   5973 |   5640 |    333 |   1921 |   2233 |   4 | 1493.2 |
     Snake Pit |   8670 |   8100 |    570 |   3117 |   3282 |   4 | 2167.5 |
    Slime Pits |    515 |    456 |     59 |    116 |      0 |   5 |  103.0 |
  Orcish Mines |   2691 |   2272 |    419 |    656 |    914 |   2 | 1345.5 |
   Elven Halls |   2410 |   2139 |    271 |    115 |   1439 |   3 |  803.3 |
        Vaults |   9714 |   8823 |    891 |   2593 |   4084 |   5 | 1942.8 |
        Depths |   6119 |   5209 |    910 |    732 |   2976 |   4 | 1529.8 |
           Zot |   7430 |   6867 |    563 |   1414 |   2935 |   5 | 1486.0 |
         Sewer |    769 |    769 |      0 |    177 |    136 |   1 |  769.0 |
       Ossuary |    722 |    722 |      0 |    313 |     24 |   1 |  722.0 |
               +--------+--------+--------+--------+--------+-----+--------+

Top non-repeatable levels by time:
Vaults:4: 3393 daAuts
 Snake:4: 2655 daAuts
 Snake:1: 2356 daAuts
 Snake:2: 2196 daAuts
    D:13: 2131 daAuts
 Swamp:4: 2096 daAuts
  Lair:4: 2080 daAuts
     D:9: 2066 daAuts
   Zot:4: 2059 daAuts
    D:11: 2056 daAuts
    D:10: 2043 daAuts
Vaults:2: 1990 daAuts
   Orc:2: 1952 daAuts
   Zot:5: 1951 daAuts
Vaults:3: 1840 daAuts
